 Dungeon Crawl Stone Soup version 0.21-a0-88-g13b9641 (webtiles) character file.

5457 MatthieuS the Carver (level 10, 0/79 HPs)
             Began as a Merfolk Warper on June 26, 2017.
             Was a High Priest of Zin.
             Slain by an orc warrior
             ... wielding a +0 long sword of slicing
              (4 damage)
             ... on level 9 of the Dungeon.
             The game lasted 00:49:23 (11422 turns).

MatthieuS the Carver (Merfolk Warper)              Turns: 11422, Time: 00:49:23

Health: 0/79       AC:  3    Str: 16    XL:     10   Next: 68%
Magic:  11/13      EV: 18    Int: 13    God:    Zin [*****.]
Gold:   544        SH:  6    Dex: 18    Spells: 0/13 levels left

rFire    . . .     SeeInvis .   I - +5 long sword (freeze)
rCold    . . .     Gourm    .   C - +0 buckler
rNeg     . . .     Faith    .   N - +0 leather armour
rPois    ∞         Spirit   .   (no helmet)
rElec    .         Reflect  .   (no cloak)
rCorr    .         Harm     .   (no gloves)
MR       +....                  (no boots)
Stlth    +.........             (no amulet)
HPRegen  0.23/turn              g - +3 ring of strength
MPRegen  0.13/turn              k - ring of protection from magic

@: vitalised
A: change form in water, swift swim, stealthy swim
a: Recite, Vitalisation, Imprison, Sanctuary, Donate Gold, Renounce Religion


You were on level 9 of the Dungeon.
You worshipped Zin.
Zin was extremely pleased with you.
You were not hungry.

You visited 1 branch of the dungeon, and saw 9 of its levels.
You also visited: Sewer and Ossuary.

You collected 604 gold pieces.
You donated 60 gold pieces to Zin.

Inventory:

Hand Weapons
 o - a +1 short sword of venom
 s - a +1 short sword of electrocution
 H - a +3 great sword of freezing
 I - a +5 long sword of freezing (weapon)
Missiles
 e - 5 tomahawks of dispersal (quivered)
 i - 6 curare-tipped needles
Armour
 C - a +0 buckler (worn)
 N - a +0 leather armour (worn)
Jewellery
 g - a +3 ring of strength (left hand)
 k - a ring of protection from magic (right hand)
 B - an uncursed ring of flight
Wands
 A - a wand of paralysis (12/24)
 P - a wand of flame (27/48)
Scrolls
 b - a scroll of immolation {unknown}
 d - 5 scrolls of blinking
 l - 4 scrolls of amnesia
 p - 3 scrolls of remove curse
 q - 2 scrolls of enchant armour
 r - 4 scrolls of fear
 t - 2 scrolls of recharging
 w - 2 scrolls of magic mapping
 x - 3 scrolls of fog
 y - 2 scrolls of teleportation {unknown}
 D - 6 scrolls of enchant weapon {unknown}
 K - 3 scrolls of brand weapon
Potions
 a - a potion of flight {unknown}
 n - 2 potions of brilliance
 v - 3 potions of heal wounds
 z - 2 potions of resistance {unknown}
 F - 5 potions of curing
 G - a potion of berserk rage {unknown}
 J - 3 potions of might
 L - 2 potions of haste
Books
 c - a book of Spatial Translocations

   Spells                             Type                      Level
   a - Blink                          Translocation                2
   b - Shroud of Golubria             Charms/Translocation         2
   c - Lesser Beckoning               Translocation                3
   d - Gell's Gravitas                Translocation                3
   e - Teleport Other                 Translocation                3
   f - Passage of Golubria            Translocation                4
 m - a book of Misfortune

   Spells                             Type                      Level
   a - Confusing Touch                Hexes                        1
   b - Confuse                        Hexes                        3
   c - Gell's Gravitas                Translocation                3
   d - Petrify                        Transmutation/Earth          4
   e - Metabolic Englaciation         Hexes/Ice                    5
   f - Yara's Violent Unravelling     Hexes/Transmutation          5
Comestibles
 f - 4 bread rations
 h - 11 royal jellies
 u - 4 meat rations
 E - a fruit


   Skills:
 - Level 7.1 Fighting
 - Level 1.3(8.3) Short Blades
 - Level 11.6 Long Blades
 - Level 1.0 Throwing
 - Level 0.6 Armour
 + Level 8.5 Dodging
 - Level 4.7 Shields
 - Level 2.0 Spellcasting
 - Level 1.0 Charms
 * Level 4.3 Translocations
 - Level 2.6 Invocations


You couldn't memorise any spells.
You knew the following spells:

 Your Spells              Type           Power        Failure   Level  Hunger
a - Blink                 Tloc           N/A          8%          2    ###....
b - Shroud of Golubria    Chrm/Tloc      #.........   16%         2    ###....
c - Lesser Beckoning      Tloc           ##........   16%         3    ####...
d - Gell's Gravitas       Tloc           ##........   16%         3    ####...
e - Teleport Other        Tloc           ##......     16%         3    ####...


Dungeon Overview and Level Annotations

Branches:
Dungeon (9/15)             Temple (0/1) D:4
   Lair: D:8-11         Orc: D:9-12

Altars:
Ashenzari
Cheibriados
Fedhas
Hepliaklqana
Kikubaaqudgha
Makhleb
Qazlal
Ru
Uskayaw
Vehumet
Wu Jian
Zin
The Shining One

Shops:
D:6 =


Message History

The orc warrior hits you with a long sword of slicing!!
Your shroud falls apart!
You are too injured to fight recklessly!
You are too injured to fight recklessly!
You hit the orc warrior. You freeze the orc warrior.
The orc warrior is severely wounded.
You closely miss the orc warrior.
The orc warrior is severely wounded.
You block the orc warrior's attack.
You closely miss the orc warrior.
The orc warrior is severely wounded.
The orc warrior hits you with a long sword of slicing!
* * * LOW HITPOINT WARNING * * *
x2 You hit the orc warrior but do no damage.
The orc warrior is severely wounded.
You hit the orc warrior. You freeze the orc warrior.
The orc warrior is severely wounded.
The orc warrior hits you with a long sword of slicing!
* * * LOW HITPOINT WARNING * * *
You die...

..# #........# #<.......... ..#
#........# #....(...... ..#
#........# #........... ..#
#........# #........... ..#
#........#####........... ..#
#........................ ..#
#........................
..#######...###..####............
............# #†@# #..........##
..########..# #o)# #..........#
..# #..# #.o# #..........# ..#
#..# #..# #...####...# ..# #..#
#..# #...# #...# ..# #..# #..#
#...* #...# ..# #[.# #..# #...*
#...# ..# #..# #..# #.,,* #...#
..# #..# *,,* *,,,* #...#


You could see an orc warrior and an orc (paralysed).

Vanquished Creatures
  The ghost of Heartnet the Covert, a novice SpEn (D:5)
  Grinder (D:4)
  A hippogriff (D:7)
  Duvessa (D:4)
  A black bear (D:8)
  4 orc warriors
  4 sky beasts
  A phantom (D:4)
  An ice beast (D:7)
  3 centaurs
  The ghost of octopodefightclub the Skirmisher, an amateur OpMo (D:3)
  5 ogres
  2 big kobolds (Sewer)
  A crocodile (D:7)
  2 elf zombies (D:8)
  A bullfrog (D:6)
  Dowan (D:4)
  An elf skeleton (D:8)
  2 scorpions
  A water moccasin skeleton (D:9)
  6 killer bees
  3 howler monkeys
  5 wights (D:6)
  2 electric eels (D:7)
  2 crimson imps (D:6)
  5 centaur zombies
  A centaur skeleton (D:8)
  2 human zombies (D:8)
  6 jellies
  5 orc priests
  4 hounds
  4 human skeletons (D:8)
  3 orc wizards
  An iguana (D:9)
  7 worker ants
  An ogre zombie (Ossuary)
  A hound zombie (D:7)
  7 mummies (Ossuary)
  A worker ant zombie (D:5)
  A gnoll (D:1)
  16 adders
  6 river rats
  A shadow imp (D:7)
  5 oozes (D:9)
  3 adder skeletons
  3 adder zombies (Ossuary)
  3 worms
  6 leopard geckos
  16 orcs
  8 bats
  7 giant cockroaches
  10 goblins
  8 hobgoblins
  19 jackals
  4 quokkas
  5 ball pythons
  4 frilled lizards
  A gnoll zombie (Ossuary)
  2 goblin zombies (Ossuary)
  A hobgoblin zombie (Ossuary)
  A jackal skeleton (D:6)
  14 kobolds
  7 kobold zombies (Ossuary)
  A leopard gecko skeleton (D:5)
  A leopard gecko zombie (D:6)
  2 orc skeletons (D:8)
  A quokka skeleton (D:4)
  6 quokka zombies (Ossuary)
  6 rats
  5 rat zombies (Ossuary)
274 creatures vanquished.

Notes
Turn   | Place    | Note
-------+----------+-------------------------------------------
     0 | D:1      | MatthieuS the Merfolk Warper began the quest for the Orb.
     0 | D:1      | Reached XP level 1. HP: 16/16 MP: 3/3
   104 | D:1      | Reached XP level 2. HP: 9/23 MP: 5/5
   602 | D:1      | Reached skill level 3 in Long Blades
   614 | D:1      | Learned a level 2 spell: Blink
   617 | D:1      | Learned a level 2 spell: Shroud of Golubria
   637 | D:1      | Reached XP level 3. HP: 22/28 MP: 6/6
  1260 | D:2      | Reached skill level 4 in Long Blades
  1260 | D:2      | Reached XP level 4. HP: 34/34 MP: 7/7
  1296 | D:2      | Found an ornate altar of the Wu Jian Council.
  1299 | D:2      | Found a radiant altar of Vehumet.
  1302 | D:2      | Found an ancient bone altar of Kikubaaqudgha.
  1305 | D:2      | Found a shattered altar of Ashenzari.
  1549 | D:2      | Learned a level 3 spell: Lesser Beckoning
  1619 | D:2      | Found a blossoming altar of Fedhas.
  1725 | D:2      | Found a glowing silver altar of Zin.
  1737 | D:2      | Became a worshipper of Zin the Law-Giver
  1737 | D:2      | Reached * piety under Zin
  1951 | D:2      | Found a stormy altar of Qazlal.
  2022 | D:3      | Reached skill level 1 in Short Blades
  2039 | D:3      | Reached XP level 5. HP: 27/39 MP: 8/8
  2102 | D:3      | Found a glowing drain.
  2118 | Sewer    | Entered a sewer
  2320 | Sewer    | Noticed a big kobold
  2339 | Sewer    | Killed a big kobold
  2339 | Sewer    | Reached skill level 5 in Long Blades
  2339 | Sewer    | Reached XP level 6. HP: 12/46 MP: 9/9
  2668 | Sewer    | Reached skill level 6 in Long Blades
  2780 | D:3      | Noticed octopodefightclub's ghost (amateur OpMo)
  2784 | D:3      | Killed octopodefightclub's ghost
  2784 | D:3      | Reached XP level 7. HP: 46/52 MP: 10/10
  3091 | D:4      | Reached skill level 5 in Dodging
  3139 | D:4      | Found a hide-covered altar of Uskayaw.
  3215 | D:4      | Noticed Grinder
  3243 | D:4      | Paralysed by Grinder for 2 turns
  3247 | D:4      | Killed Grinder
  3247 | D:4      | Reached skill level 7 in Long Blades
  3247 | D:4      | Reached skill level 1 in Invocations
  3605 | D:4      | Noticed Duvessa
  3607 | D:4      | Noticed Dowan
  3621 | D:4      | Killed Duvessa
  3621 | D:4      | Reached XP level 8. HP: 47/61 MP: 11/11
  3638 | D:4      | Killed Dowan
  3820 | D:4      | Reached ** piety under Zin
  3932 | D:4      | Reached skill level 5 in Fighting
  3932 | D:4      | Reached skill level 8 in Long Blades
  3950 | D:4      | Found a staircase to the Ecumenical Temple.
  4063 | D:5      | Entered Level 5 of the Dungeon
  4075 | D:5      | Noticed Heartnet's ghost (novice SpEn)
  4116 | D:5      | Killed Heartnet's ghost
  4116 | D:5      | Reached skill level 9 in Long Blades
  4116 | D:5      | Reached skill level 1 in Shields
  4163 | D:5      | HP: 3/62 [poisoned by Heartnet's ghost]
  4819 | D:5      | Found a glowing golden altar of the Shining One.
  4875 | D:5      | Found a sacrificial altar of Ru.
  5073 | D:5      | Reached *** piety under Zin
  5101 | D:5      | Learned a level 3 spell: Gell's Gravitas
  5295 | D:5      | Reached XP level 9. HP: 68/68 MP: 12/12
  5338 | D:6      | Found Potub's Jewellery Shoppe.
  6356 | D:6      | Reached skill level 1 in Charms
  6427 | D:6      | Reached **** piety under Zin
  7161 | D:7      | Got a faintly glowing plate armour
  7581 | D:7      | Identified the +10 plate armour of Defiance {rPois} (You found it on level 7 of the Dungeon)
  7890 | D:7      | Found a hazy altar of Hepliaklqana.
  7963 | D:7      | You fall through a shaft for 2 floors!
  7980 | D:9      | Found a burning altar of Makhleb.
  8157 | D:8      | Reached XP level 10. HP: 63/77 MP: 13/13
  8159 | D:8      | Found a sand-covered staircase.
  8165 | D:8      | Reached ***** piety under Zin
  8168 | Ossuary  | Entered an ossuary
  8258 | Ossuary  | Learned a level 3 spell: Teleport Other
  8357 | Ossuary  | Reached skill level 10 in Long Blades
  8940 | D:8      | Reached ****** piety under Zin
  9229 | D:8      | Found a snail-covered altar of Cheibriados.
  9773 | D:7      | Reached skill level 11 in Long Blades
 11422 | D:9      | Slain by an orc warrior

Vault maps used:
D:1:      minmay_arrival_loop
D:2:      grunt_temple_overflow_forces_of_nature, zin_scriptorium,
          grunt_temple_overflow_cloverleaf
D:3:      first_bread, gup_sewer_entry_spiral
D:4:      lemuel_crystal_altar, temple_hall, uniq_duvessa, uniq_grinder
D:5:      old_standard_altar, nicolae_ru_awakened_eye
D:6:      serial_shops, shop
D:7:      old_standard_altar, lightli_minifort
D:8:      cheibrodos_worm_habitat, nicolae_ossuary_entry_catacombs
D:9:      old_standard_altar, hangedman_little_slice_of_home
Sewer:    sewer_co_15_rooms
Ossuary:  ossuary_boxes_badplayer

Skill      XL: |  1  2  3  4  5  6  7  8  9 10 |
---------------+-------------------------------+-----
Dodging        | 3 4 6 8 |  8.5
Long Blades    | 3 4 5 6 7 9 11 | 11.6
Short Blades   | 1 |  1.3
Fighting       | 3 4 5 6 7 |  7.1
Invocations    | 1 2 |  2.6
Shields        | 2 4 |  4.7
Charms         | 1 |  1.0
Translocations | 3 4 |  4.3
Throwing       | |  1.0
Armour         | |  0.6
Spellcasting   | |  2.0

Action                   |  1- 3 |  4- 6 |  7- 9 | 10-12 || total
-------------------------+-------+-------+-------+-------++-------
Melee: Falchion          |    64 |       |       |       ||    64
       Short sword       |    29 |   179 |   393 |       ||   601
       Tailslap          |       |     5 |       |       ||     5
       Long sword        |       |       |    89 |   308 ||   397
 Cast: Blink             |       |       |       |     1 ||     1
       Shroud of Golubri |       |       |       |     1 ||     1
Invok: Recite            |       |     1 |     7 |     4 ||    12
       Vitalisation      |       |       |     3 |     4 ||     7
Evoke: Wand              |       |       |     2 |       ||     2
  Use: Potion            |       |     5 |     7 |       ||    12
       Scroll            |       |       |    11 |     5 ||    16
 Stab: Paralysed         |       |       |     2 |     2 ||     4
       Confused          |       |       |     3 |       ||     3
       Sleeping          |       |       |     1 |     9 ||    10
       Invisible         |       |       |     1 |     1 ||     2
  Eat: Chunk             |     1 |     5 |    12 |       ||    18
       Bread ration      |       |       |     1 |     1 ||     2
       Fruit             |       |       |       |     3 ||     3
       Meat ration       |       |       |       |     1 ||     1
Armor: Leather armour    |    11 |       |     7 |    19 ||    37
       Ring mail         |    20 |    28 |    65 |       ||   113
       Skin              |       |       |    14 |       ||    14
Dodge: Dodged            |    72 |   105 |   195 |   164 ||   536
Block: Buckler           |       |       |    41 |    66 ||   107
       Rpst.: Falchion   |    19 |       |       |       ||    19
       Long sword        |       |       |    14 |    57 ||    71
